 Dungeon Crawl Stone Soup version 0.28.0-45-g0d030f2227 (webtiles) character file.

Game seed: 17415413827064381902

10196 bobregger the Bludgeoner (level 11, -7/100 HPs)
             Began as an Ogre Berserker on Apr 23, 2022.
             Was a Priest of Trog.
             Mangled by a phantasmal warrior (18 damage)
             ... led by a death knight
             ... on level 11 of the Dungeon.
             The game lasted 00:18:29 (13326 turns).

bobregger the Bludgeoner (Ogre Berserker)          Turns: 13326, Time: 00:18:30

Health: -7/100     AC: 11    Str: 32    XL:     11   Next: 58%
Magic:  11/11      EV: 10    Int:  8    God:    Trog [***...]
Gold:   486        SH:  5    Dex: 12    Spells: 10/10 levels left

rFire   . . .      SeeInvis .   t - +1 giant spiked club
rCold   . . .      Faith    .   (shield currently unavailable)
rNeg    . . .      Spirit   .   h - +1 robe "Limnaefe" {Str+9}
rPois   +          Reflect  +   (helmet restricted)
rElec   .          Harm     .   A - +2 cloak
rCorr   .          Rampage  .   (gloves unavailable)
Will    +....                   (boots unavailable)
Stlth   +.........              k - amulet of reflection
HPRegen 0.26/turn               q - ring of poison resistance
MPRegen 0.12/turn               z - +4 ring of protection

@: weak-willed, on berserk cooldown, slowed, very slow
A: large, unfitting armour, tough skin 1, hooves 1, strong-willed 1
a: Renounce Religion, Berserk, Trog's Hand


You were on level 11 of the Dungeon.
You worshipped Trog.
Trog was most pleased with you.
You visited 1 branch of the dungeon, and saw 11 of its levels.

You collected 486 gold pieces.

Inventory:

Hand Weapons
 t - a +1 giant spiked club (weapon)
Missiles
 d - 5 throwing nets (quivered)
Armour
 h - the +1 robe "Limnaefe" (worn) {Str+9}
   (You found it on level 3 of the Dungeon)

   Str:       It affects your strength (+9).
 v - a +0 cloak of preservation
 A - a +2 cloak (worn)
Jewellery
 f - a +4 ring of protection
 k - an amulet of reflection (around neck)
 n - an amulet of the acrobat
 q - a ring of poison resistance (left hand)
 u - a ring of ice
 z - a +4 ring of protection (right hand)
Wands
 c - a wand of polymorph (4)
 j - a wand of acid (25)
 r - a wand of flame (22)
 s - a wand of iceblast (25)
Scrolls
 i - 2 scrolls of immolation
 m - a scroll of magic mapping
 o - 3 scrolls of teleportation
 x - a scroll of fog
 y - a scroll of blinking
Potions
 a - a potion of ambrosia
 b - a potion of flight
 e - 7 potions of curing
 g - 2 potions of attraction
 l - a potion of might
 p - 2 potions of heal wounds
 w - 2 potions of invisibility {unknown}


   Skills:
 - Level 4.0 Fighting
 + Level 16.3 Maces & Flails
 - Level 2.6 Dodging


You had 10 spell levels left.
You didn't know any spells.
Your spell library was empty.

Dungeon Overview and Level Annotations

Branches:
Dungeon (11/15)            Temple (0/1) D:4            Lair (0/6) D:11
    Orc: D:9-12

Altars:
Dithmenos
Elyvilon
Kikubaaqudgha
Wu Jian

Shops:
D:5 :   D:7 (


Innate Abilities, Weirdness & Mutations

You are too large for most types of armour.
You have tough skin. (AC +1)
You have large cloven feet.
You are strong-willed. (Will+)


Message History

A red film seems to cover your vision as you go berserk!
You feel yourself moving faster!
You feel mighty!
The two-headed ogre hits you with a +0 giant spiked club!
The two-headed ogre hits you with a +0 giant club!
You sock the two-headed ogre! You kick the two-headed ogre!
The two-headed ogre is heavily wounded.
You pound the two-headed ogre like an anvil!!!
You kill the two-headed ogre!
Trog accepts your kill.
Things that are here:
a +0 giant spiked club; a +0 giant club A death knight, a phantasmal warrior and a wraith come into view.
The death knight is wielding a +3 great sword of protection.
You feel a strong urge to attack something.
The death knight shouts!
A phantasmal warrior comes into view.
Found a scroll of magic mapping.
Found a stone staircase leading down.
You feel your anger nearly subside.
You are no longer berserk.
You are exhausted.
You feel yourself slow down. The phantasmal warrior gestures at you.
The phantasmal warrior blinks!
The phantasmal warrior gestures at you.
The phantasmal warrior blinks!
The death knight hits you but does no damage.
The phantasmal warrior hits you!
Your willpower is stripped away!
The phantasmal warrior gestures at you.
The phantasmal warrior blinks!
The death knight hits you with a +3 great sword of protection!!
Found an escape hatch in the ceiling.
The death knight hits you with a +3 great sword of protection!
The phantasmal warrior gestures at you.
The phantasmal warrior blinks!
The phantasmal warrior hits you but does no damage.
The death knight hits you with a +3 great sword of protection!!
* * * LOW HITPOINT WARNING * * *
You block the phantasmal warrior's attack.
Okay, then.
The phantasmal warrior hits you!!
You die...

*,* #.#,#.......( *,*
#.#,#........ *,*
######.#,#........ ***,*
#......#,+.......< *,,,*
#......###........
*,,,*######........)[.......
*,,,+.....>..W..............
*,,,*,####.WW...############
*,,**,** #.@p...#***********
**,*,,,**#......+,,,,,,,,,,,
*,,,∩,,........#***********
***,,,#.....?..#
**,*#.....#### *,,.....<#
**########


You could see a death knight, 2 phantasmal warriors and a wraith.

Vanquished Creatures
  Harold (D:7)
  2 two-headed ogres
  A wizard (D:10)
  An ugly thing (D:10)
  A manticore (D:9)
  Joseph (D:8)
  Maurice (D:8)
  Psyche (D:8)
  A tengu conjurer (D:10)
  A troll (D:7)
  A hornet (D:8)
  A tarantella (shapeshifter) (D:10)
  Prince Ribbit (D:9)
  A slime creature (D:10)
  A shadow (D:10)
  2 wyverns
  A vampire (D:10)
  2 steam dragons
  2 acid dragons
  Duvessa (D:7)
  A water moccasin (D:9)
  An orc warrior (D:6)
  3 ogres
  A necrophage (D:10)
  A centaur (D:9)
  A phantom (D:3)
  2 kobold brigands (D:9)
  4 scorpions
  3 wyvern zombies
  3 bullfrogs
  2 gnoll sergeants (D:10)
  A water moccasin skeleton (D:4)
  Dowan (D:7)
  A killer bee (D:9)
  11 wights
  A howler monkey (D:5)
  A bullfrog zombie (D:5)
  4 centaur zombies
  A human zombie (D:10)
  4 orc priests
  A jelly (D:6)
  Crazy Yiuf (D:2)
  5 hounds
  Terence (D:3)
  Natasha (thrice) (D:2)
  3 iguanas
  5 orc wizards
  A scorpion zombie (D:5)
  2 killer bee zombies
  A mummy (D:10)
  5 howler monkey zombies
  8 gnolls (D:10)
  7 adders
  A shadow imp (D:6)
  An adder skeleton (D:4)
  A worm (D:3)
  2 dart slugs
  12 orcs
  A bat (D:3)
  9 endoplasms
  5 giant cockroaches
  6 goblins
  7 hobgoblins
  8 jackals
  A quokka (D:1)
  4 ball pythons
  5 frilled lizards
  22 kobolds
  6 rats
205 creatures vanquished.

Notes
Turn   | Place    | Note
-------+----------+-------------------------------------------
     0 | D:1      | bobregger the Ogre Berserker began the quest for the Orb.
     0 | D:1      | Reached XP level 1. HP: 24/24 MP: 1/1
   197 | D:1      | Reached skill level 3 in Maces & Flails
   205 | D:1      | Reached XP level 2. HP: 6/32 MP: 2/2
   551 | D:1      | Found a faded altar of an unknown god.
  1361 | D:2      | Reached XP level 3. HP: 39/39 MP: 3/3
  1411 | D:2      | Found a runed translucent door.
  1412 | D:2      | Noticed Crazy Yiuf
  1469 | D:2      | Killed Crazy Yiuf
  1470 | D:2      | Reached skill level 4 in Maces & Flails
  1719 | D:2      | Reached XP level 4. HP: 48/48 MP: 4/4
  1760 | D:2      | Reached ** piety under Trog
  2122 | D:3      | Identified the +1 robe "Limnaefe" {Str+9}
  2451 | D:3      | Noticed a phantom
  2467 | D:3      | Killed a phantom
  2468 | D:3      | Reached skill level 5 in Maces & Flails
  2468 | D:3      | Reached XP level 5. HP: 34/54 MP: 5/5
  2974 | D:3      | Noticed Terence
  2979 | D:3      | Noticed Natasha
  3049 | D:2      | Killed Natasha
  3050 | D:2      | Reached XP level 6. HP: 47/62 MP: 6/6
  3134 | D:2      | Noticed Natasha
  3143 | D:2      | Killed Natasha
  3144 | D:2      | Reached skill level 6 in Maces & Flails
  3373 | D:2      | Noticed Natasha
  3381 | D:2      | Killed Natasha
  3910 | D:3      | Killed Terence
  4044 | D:4      | Reached skill level 7 in Maces & Flails
  4044 | D:4      | Reached XP level 7. HP: 70/70 MP: 7/7
  4246 | D:4      | Found a shadowy altar of Dithmenos.
  4560 | D:4      | Found a staircase to the Ecumenical Temple.
  4940 | D:5      | Entered Level 5 of the Dungeon
  5116 | D:5      | Reached skill level 8 in Maces & Flails
  5284 | D:5      | Found Qour's Book Boutique.
  5613 | D:5      | Found an ornate altar of the Wu Jian Council.
  5768 | D:5      | Reached XP level 8. HP: 61/78 MP: 8/8
  6182 | D:5      | Reached skill level 9 in Maces & Flails
  6583 | D:6      | Gained mutation: You are strong-willed. (Will+) [potion of
                  | mutation]
  6583 | D:6      | Gained mutation: You have large cloven feet. [potion of
                  | mutation]
  6732 | D:6      | Reached skill level 10 in Maces & Flails
  7463 | D:7      | Noticed Dowan
  7464 | D:7      | Noticed Duvessa
  7470 | D:7      | Killed Duvessa
  7471 | D:7      | Reached XP level 9. HP: 84/84 MP: 9/9
  7472 | D:7      | Killed Dowan
  7536 | D:7      | Noticed Harold
  7545 | D:7      | Killed Harold
  7546 | D:7      | Reached skill level 11 in Maces & Flails
  8101 | D:7      | Found Beibist's Weapon Emporium.
  8107 | D:7      | Reached skill level 12 in Maces & Flails
  8302 | D:8      | Noticed Joseph
  8308 | D:8      | Killed Joseph
  8370 | D:8      | Reached XP level 10. HP: 92/92 MP: 10/10
  8460 | D:7      | Reached skill level 13 in Maces & Flails
  8862 | D:8      | Noticed Psyche
  8867 | D:8      | Killed Psyche
  9081 | D:8      | Noticed Maurice
  9096 | D:8      | Killed Maurice
  9878 | D:9      | Noticed a manticore
  9884 | D:9      | Killed a manticore
  9885 | D:9      | Reached skill level 14 in Maces & Flails
  9947 | D:9      | Found a white marble altar of Elyvilon.
  9948 | D:9      | Noticed Prince Ribbit
 10274 | D:9      | Killed Prince Ribbit
 11346 | D:10     | Entered Level 10 of the Dungeon
 11348 | D:10     | Noticed a two-headed ogre
 11352 | D:9      | Reached *** piety under Trog
 11377 | D:9      | Killed a two-headed ogre
 11378 | D:9      | Reached skill level 15 in Maces & Flails
 11378 | D:9      | Reached XP level 11. HP: 100/100 MP: 11/11
 11959 | D:10     | Noticed a cyan ugly thing
 11969 | D:10     | Killed a cyan ugly thing
 12220 | D:10     | Found the +3 Elemental Staff {rElec rF++ rC++ AC+5}
 12470 | D:10     | Found an ancient bone altar of Kikubaaqudgha.
 12740 | D:10     | Noticed a wizard
 12744 | D:10     | Killed a wizard
 12745 | D:10     | Reached skill level 16 in Maces & Flails
 12784 | D:10     | Identified the +3 war axe "Digedghoa" {vamp, +Blink MP+9
                  | Dex-5}
 12946 | D:10     | Found the +7 Kryia's mail coat {PotionHeal*2 rC+}
 13311 | D:11     | Noticed a two-headed ogre
 13317 | D:11     | Killed a two-headed ogre
 13319 | D:11     | Noticed a death knight
 13319 | D:11     | Noticed a phantasmal warrior
 13320 | D:11     | Noticed a phantasmal warrior
 13326 | D:11     | Mangled by a phantasmal warrior

Illustrated notes

Levels and vault maps discovered:
D:1:      minmay_arrival_glassed_features, layout_loops_ring,
          basic_ecumenical_altar
D:2:      layout_loops_ring, uniq_crazy_yiuf_cottage
D:3:      kennysheep_six_static_rooms, layout_basic, uniq_natasha, uniq_terence
D:4:      layout_loops_ring, grunt_dithmenos_smoke,
          minmay_temple_entry_water_ring
D:5:      layout_loops_ring, pdpol_wu_jian_five_deadly_venoms, serial_shops,
          nicolae_shop_waterfront
D:6:      layout_cave_pools, minmay_circle_x
D:7:      layout_gridville, serial_shops, shop, uniq_duvessa, uniq_harold
D:8:      layout_basic, hangedman_decor_lopped, uniq_maurice, uniq_joseph,
          uniq_psyche
D:9:      layout_cave_pools, amcnicky_altar_gilded, kennysheep_generic_room_14,
          uniq_prince_ribbit1
D:10:     minmay_tri_box, layout_cave_pools,
          lemuel_mausoleum_altar_kikubaaqudgha
D:11:     layout_basic, erik_lair_island, serial_shops, bzr_entry_gold,
          patterned_corridor, uniq_josephine, uniq_urug

Skill      XL: |  1  2  3  4  5  6  7  8  9 10 11 |
---------------+----------------------------------+-----
Maces & Flails | 3 4 5 7 8 10 12 15 16 | 16.3
Fighting       | |  4.0
Dodging        | |  2.6

Action                   |  1- 3 |  4- 6 |  7- 9 | 10-12 || total
-------------------------+-------+-------+-------+-------++-------
Melee: Mace              |    97 |   141 |       |       ||   238
       Punch             |       |     1 |       |       ||     1
       Giant spiked club |       |       |   217 |   222 ||   439
       Kick              |       |       |    22 |    55 ||    77
Invok: Berserk           |     1 |     4 |     6 |    17 ||    28
Evoke: Wand              |       |       |     1 |       ||     1
  Use: Scroll            |       |       |    13 |     5 ||    18
       Potion            |       |       |     1 |     1 ||     2
 Stab: Sleeping          |       |       |     1 |       ||     1
Armor: Animal skin       |    46 |    15 |       |       ||    61
       Robe              |       |    34 |   112 |   113 ||   259
Dodge: Dodged            |    70 |    58 |   132 |   114 ||   374
Block: Other             |       |    23 |    60 |    75 ||   158
       Reflection        |       |     2 |     2 |     5 ||     9
